 Dungeon Crawl Stone Soup version 0.26.0-16-gc1dbca0489 (webtiles) character file.

Game seed: 6033624353635104535

2807 kaeus the Skirmisher (level 9, 0/72 HPs)
             Began as a Demonspawn Fighter on Jan 21, 2021.
             Was an Initiate of Ashenzari.
             Slain by an orc warrior
             ... wielding a +0 mace
             ... led by the fury of Okawaru
              (3 damage)
             ... on level 7 of the Dungeon.
             The game lasted 00:11:18 (5321 turns).

kaeus the Skirmisher (Demonspawn Fighter)           Turns: 5321, Time: 00:11:19

Health: 0/72       AC: 27    Str: 19    XL:     9   Next: 44%
Magic:  0/9        EV:  4    Int: 10    God:    Ashenzari [......]
Gold:   127        SH: 10    Dex: 13    Spells: 8/8 levels left

rFire    + . .     SeeInvis +   s - +4 dagger (venom) (curse)
rCold    . . .     Faith    .   c - +0 kite shield
rNeg     . . .     Spirit   +   p - +1 plate armour {rPois} (curse)
rPois    +         Reflect  .   (helmet restricted)
rElec    .         Harm     .   (no cloak)
rCorr    .         Rampage  .   y - +2 pair of gloves of the Raven {SInv} (curse)
Will     .....                  (no boots)
Stlth    ..........             k - amulet of guardian spirit (curse)
HPRegen  0.22/turn              m - +4 ring of protection (curse)
MPRegen  0.11/turn              (no ring)

@: sanguine armour
A: horns 2, fire resistance 1, spiny 2, flame cloud immunity, sanguine armour 1
a: Renounce Religion, Curse Item


You were on level 7 of the Dungeon.
You worshipped Ashenzari.
Ashenzari was noncommittal.
You visited 2 branches of the dungeon, and saw 8 of its levels.

You collected 324 gold pieces.
You spent 197 gold pieces at shops.

Inventory:

Hand Weapons
 a - a +0 war axe
 s - a cursed +4 dagger of venom (weapon)
Armour
 c - a +0 kite shield (worn)
 p - a cursed +1 plate armour of poison resistance (worn)
 y - the cursed +2 pair of gloves of the Raven (worn) {SInv}
   (You found it on level 5 of the Dungeon)

   It lets you see invisible.
   It has a curse placed upon it.
Jewellery
 k - a cursed amulet of guardian spirit (around neck)
 m - a cursed +4 ring of protection (left hand)
Wands
 u - a wand of iceblast (6)
 v - a wand of random effects (20)
 x - a wand of polymorph (10)
 A - a wand of flame (22)
 B - a wand of acid (12)
 E - a wand of disintegration (6)
Scrolls
 b - 8 scrolls of teleportation {unknown}
 f - 9 scrolls of identify {unknown}
 i - 2 scrolls of remove curse
 j - 2 scrolls of amnesia {unknown}
 n - 2 scrolls of blinking {unknown}
 o - 2 scrolls of fear {unknown}
 q - 2 scrolls of noise {unknown}
 D - a scroll of fog {unknown}
Potions
 d - 2 potions of might
 e - 2 potions of degeneration {unknown}
 g - 6 potions of curing {unknown}
 h - 3 potions of invisibility {unknown}
 l - 4 potions of heal wounds
 r - 2 potions of magic {unknown}
 t - a potion of mutation {unknown}
 w - 2 potions of flight {unknown}
 z - a potion of berserk rage
 C - a potion of attraction {unknown}


   Skills:
 + Level 7.2 Fighting
 + Level 5.2 Short Blades
 - Level 3.0 Axes
 + Level 6.5 Armour
 + Level 6.5 Shields


You had 8 spell levels left.
You didn't know any spells.
Your spell library was empty.

Dungeon Overview and Level Annotations

Branches:
Dungeon (7/15)             Temple (1/1) D:4

Altars:
Ashenzari
Cheibriados
Dithmenos
Elyvilon
Fedhas
Gozag
Hepliaklqana
Nemelex Xobeh
Okawaru
Qazlal
Ru
Sif Muna
Trog
Uskayaw
Vehumet
Yredelemnul
Zin
The Shining One

Shops:
D:5 ?

Annotations:
D:4 1 runed translucent door, asljkl's ghost, amateur MiHu


Innate Abilities, Weirdness & Mutations

You have a pair of horns on your head.
Your flesh is heat resistant. (rF+)
You are mostly covered in sharp spines.
You are immune to clouds of flame.
When seriously injured, your bleeding wounds create armour. (AC +6)


Message History

The orc knight hits you but does no damage.
You block the warg's attack. The minotaur hits you.
The minotaur gores you but does no damage.
You hit the warg but do no damage. Your headbutt misses the warg.
The warg is moderately wounded.
The orc warrior is struck by your spines.
The orc warrior hits you with a +0 mace.
The warg is struck by your spines. The warg bites you but does no damage.
You barely miss the warg. You headbutt the warg.
The warg is heavily wounded.
The orc priest miscasts a cantrip.
The minotaur hits you!
* * * LOW HITPOINT WARNING * * *
The minotaur gores you!
* * * LOW HITPOINT WARNING * * *
The orc knight hits you with a +1 bardiche!
* * * LOW HITPOINT WARNING * * *
You block the warg's attack.
The orc warrior hits you with a +0 mace.
You die...

# .# ###### .#
....##!# ### #...o#
#.. #
.#####.<##o###.##..#
........###H#o.....(
.####....ooo@h.....#
#...#########.##
.......# ####...#
#...# #.... ....#
##.###


You could see a minotaur, an orc knight (extremely poisoned), a warg, 2 orc
warriors, 2 orc priests and an orc (strong).

Vanquished Creatures
  Pikel (D:6)
  Maggie (D:7)
  A water moccasin (D:5)
  Duvessa (D:4)
  An ice beast (D:6)
  2 orc warriors
  A phantom (D:4)
  2 ogres
  A lemure (D:6)
  The ghost of bajaj10 the Sneak, an amateur OpEE (D:3)
  3 bullfrogs
  Dowan (D:4)
  2 scorpions
  A bullfrog zombie (D:6)
  2 centaur zombies
  4 hounds
  3 centaur skeletons
  An orc priest (D:6)
  7 orc wizards
  A bullfrog skeleton (D:6)
  An iguana (D:4)
  4 worker ants
  A howler monkey zombie (D:4)
  5 gnolls
  7 adders
  A white imp (D:6)
  An ufetubus (D:5)
  2 oozes
  An adder skeleton (D:7)
  3 worms (D:4)
  A dart slug (D:2)
  12 leopard geckos
  18 orcs
  6 bats
  6 giant cockroaches
  7 goblins
  7 hobgoblins
  4 jackals (D:4)
  3 quokkas
  2 ball pythons
  5 frilled lizards
  A jackal skeleton (D:5)
  5 kobolds
  8 rats
148 creatures vanquished.

Vanquished Creatures (others)
  5 plants (D:4)
5 creatures vanquished.

Grand Total: 153 creatures vanquished

Notes
Turn   | Place    | Note
-------+----------+-------------------------------------------
     0 | D:1      | kaeus the Demonspawn Fighter began the quest for the Orb.
     0 | D:1      | Reached XP level 1. HP: 18/18 MP: 1/1
   218 | D:1      | Gained mutation: Your flesh is heat resistant. (rF+)
                  | [demonic ancestry]
   218 | D:1      | Reached XP level 2. HP: 21/24 MP: 2/2
   668 | D:2      | Gained mutation: You have a pair of small horns on your
                  | head. [demonic ancestry]
   668 | D:2      | Reached XP level 3. HP: 28/29 MP: 1/3
  1292 | D:3      | Noticed bajaj10's ghost (amateur OpEE)
  1296 | D:3      | Found a runed translucent door.
  1359 | D:3      | Gained mutation: You are immune to clouds of flame.
                  | [demonic ancestry]
  1359 | D:3      | Reached XP level 4. HP: 24/36 MP: 2/4
  1515 | D:3      | Killed bajaj10's ghost
  1516 | D:3      | Gained mutation: You are partially covered in sharp spines.
                  | [demonic ancestry]
  1516 | D:3      | Reached XP level 5. HP: 40/42 MP: 5/5
  1773 | D:3      | Reached skill level 4 in Fighting
  2032 | D:3      | Found a sparkling altar of Nemelex Xobeh.
  2364 | D:4      | Noticed a phantom
  2400 | D:4      | Killed a phantom
  2401 | D:4      | Reached skill level 1 in Short Blades
  2401 | D:4      | Reached XP level 6. HP: 49/49 MP: 6/6
  2429 | D:4      | Noticed asljkl's ghost (amateur MiHu)
  2601 | D:4      | Found a runed translucent door.
  2634 | D:4      | Found a staircase to the Ecumenical Temple.
  2663 | Temple   | Entered the Ecumenical Temple
  2959 | Temple   | Became a worshipper of Warmaster Okawaru
  3021 | D:4      | Gained mutation: You have a pair of horns on your head.
                  | [demonic ancestry]
  3021 | D:4      | Reached XP level 7. HP: 49/55 MP: 5/7
  3072 | D:4      | Noticed Duvessa
  3074 | D:4      | Noticed Dowan
  3084 | D:4      | Killed Duvessa
  3085 | D:4      | Reached skill level 5 in Fighting
  3088 | D:4      | Killed Dowan
  3227 | D:4      | Reached * piety under Okawaru
  3537 | D:5      | Entered Level 5 of the Dungeon
  3643 | D:5      | Got a pair of faintly glowing gloves
  3652 | D:5      | Identified the +2 pair of gloves of the Raven {SInv} (You
                  | found it on level 5 of the Dungeon)
  3733 | D:5      | Gained mutation: When seriously injured, your bleeding
                  | wounds create armour. (AC +6) [demonic ancestry]
  3733 | D:5      | Reached XP level 8. HP: 61/63 MP: 8/8
  3738 | D:5      | Reached skill level 5 in Armour
  3738 | D:5      | Reached skill level 5 in Shields
  3950 | D:5      | Found Enanoxu's Magic Scroll Shop.
  3958 | D:5      | Bought a scroll of enchant weapon for 82 gold pieces
  3958 | D:5      | Bought a scroll of remove curse for 33 gold pieces
  3958 | D:5      | Bought a scroll of enchant weapon for 82 gold pieces
  4279 | D:6      | Noticed Pikel
  4303 | D:6      | Reached skill level 6 in Fighting
  4303 | D:6      | Killed Pikel
  4303 | D:6      | Reached ** piety under Okawaru
  4327 | D:6      | Gained mutation: You are mostly covered in sharp spines.
                  | [demonic ancestry]
  4327 | D:6      | Reached XP level 9. HP: 24/71 MP: 4/9
  4883 | D:6      | Found a broken altar of Ashenzari.
  4892 | D:6      | Found a sacrificial altar of Ru.
  4899 | D:6      | Fell from the grace of Okawaru
  4899 | D:6      | Became a worshipper of Ashenzari the Shackled
  4909 | D:6      | Found a white marble altar of Elyvilon.
  5240 | D:7      | Noticed Maggie
  5253 | D:7      | Reached skill level 7 in Fighting
  5273 | D:7      | Killed Maggie
  5274 | D:7      | Reached skill level 5 in Short Blades
  5314 | D:7      | Noticed a minotaur
  5314 | D:7      | Noticed an orc knight
  5321 | D:7      | HP: 3/72 [orc knight/+1 bardiche[the fury of Okawaru] (9)]
  5321 | D:7      | Slain by an orc warrior

Illustrated notes

Levels and vault maps discovered:
D:1:      lightli_arrival_statuegarden, layout_rooms,
          amcnicky_mini_corridor_feature, grunt_decor_cap,
          minmay_misc_feat_roman
D:2:      layout_basic
D:3:      layout_loops_corners, lemuel_doored_altar,
          hellmonk_ghost_happy_afterlife
D:4:      minmay_chambers_of_threes, layout_loops_ring, temple_fountains,
          hellmonk_ghost_happy_afterlife, minmay_lizard_king, uniq_duvessa
D:5:      layout_cave_pods, serial_shops, shop
D:6:      layout_cave_pools, minitemple, uniq_pikel
D:7:      layout_loops_ring, nzn_wu_jian_contemplation, uniq_maggie
Temple:   eino_narrow_crystal_temple

Skill      XL: |  1  2  3  4  5  6  7  8  9 |
---------------+----------------------------+-----
Axes           | 2 3 |  3.0
Shields        | 3 4 6 |  6.5
Armour         | 3 4 5 6 |  6.5
Fighting       | 4 5 6 7 |  7.2
Short Blades   | 1 2 3 4 5 |  5.2

Action                   |  1- 3 |  4- 6 |  7- 9 || total
-------------------------+-------+-------+-------++-------
Melee: War axe           |    98 |    39 |       ||   137
       Headbutt          |     8 |    12 |    69 ||    89
       Dagger            |       |    84 |   253 ||   337
Invok: Curse Item        |       |       |     5 ||     5
  Use: Scroll            |       |       |     2 ||     2
Armor: Scale mail        |    45 |       |       ||    45
       Plate armour      |     4 |    71 |   141 ||   216
Dodge: Dodged            |    28 |     8 |    31 ||    67
Block: Kite shield       |    43 |    58 |   137 ||   238
